 Dungeon Crawl Stone Soup version 0.27.1-3-gb3d3a73c9e (webtiles) character file.

Game seed: 15946294640036817044

22243 horus123 the Thaumaturge (level 12, -1/66 HPs)
             Began as a Deep Elf Conjurer on Oct 29, 2021.
             Was an Elder of Sif Muna.
             Slain by a blink frog (10 damage)
             ... on level 3 of the Lair of Beasts.
             The game lasted 00:57:43 (17957 turns).

horus123 the Thaumaturge (Deep Elf Conjurer)       Turns: 17957, Time: 00:57:44

Health: -1/66      AC: 11    Str:  4    XL:     12   Next: 61%
Magic:  3/39       EV: 15    Int: 29    God:    Sif Muna [****..]
Gold:   986        SH:  0    Dex: 13    Spells: 9/36 levels left

rFire    + . .     SeeInvis .   H - +5 longbow (flame)
rCold    x . .     Faith    .   (shield currently unavailable)
rNeg     . . .     Spirit   .   a - +0 robe
rPois    .         Reflect  .   c - +2 helmet
rElec    .         Harm     .   j - +2 cloak
rCorr    .         Rampage  .   (no gloves)
Will     +....                  n - +2 pair of boots
Stlth    +++.......             (no amulet)
HPRegen  0.21/turn              D - ring of fire
MPRegen  0.26/turn              p - ring of magical power

@: no status effects
A: no striking features
a: Renounce Religion, Channel Magic, Forget Spell, Divine Exegesis


You were on level 3 of the Lair of Beasts.
You worshipped Sif Muna.
Sif Muna was greatly pleased with you.
You visited 3 branches of the dungeon, and saw 14 of its levels.
You also visited: Ossuary.

You collected 986 gold pieces.

Inventory:

Hand Weapons
 s - a +2 short sword of draining
 t - a +4 short sword of flaming
 v - a +0 shortbow
 H - a +5 longbow of flaming (weapon)
Missiles
 b - 303 arrows (quivered ammo)
 m - 2 throwing nets
Armour
 a - a +0 robe (worn)
 c - a +2 helmet (worn)
 j - a +2 cloak (worn)
 n - a +2 pair of boots (worn)
 E - a scarf of resistance
 M - +0 acid dragon scales
Magical Staves
 G - a staff of poison
Jewellery
 i - a ring of flight
 p - a ring of magical power (right hand)
 y - a ring of ice
 D - a ring of fire (left hand)
 I - a ring of positive energy
 P - a +6 ring of dexterity
 R - a ring of poison resistance
Wands
 u - a wand of charming (11)
 C - a wand of paralysis (11)
 L - a wand of polymorph (15)
Scrolls
 k - a scroll of blinking {unknown}
 r - a scroll of fog
 w - 5 scrolls of teleportation
 x - 2 scrolls of fear
 F - a scroll of amnesia
 J - a scroll of holy word
 O - 2 scrolls of magic mapping
 Q - 5 scrolls of identify
Potions
 d - 4 potions of might
 e - 6 potions of brilliance
 f - 4 potions of flight
 g - a potion of ambrosia {unknown}
 h - a potion of attraction
 l - a potion of berserk rage
 o - 8 potions of haste
 z - 3 potions of resistance
 A - 2 potions of invisibility
 B - a potion of mutation
 K - a potion of lignification {unknown}
 N - a potion of magic {unknown}


   Skills:
 + Level 4.0 Fighting
 * Level 12.4 Bows
 + Level 7.0 Dodging
 + Level 5.1 Stealth
 + Level 12.5 Spellcasting
 + Level 11.0 Conjurations
 + Level 5.9 Hexes
 + Level 4.7 Fire Magic
 + Level 6.2 Earth Magic
 + Level 7.0 Invocations


You had 9 spell levels left.
You knew the following spells:

 Your Spells              Type           Power      Damage    Failure   Level
a - Magic Dart            Conj           100%       1d8       1%          1
b - Searing Ray           Conj           100%       3d7       1%          2
c - Fulminant Prism       Conj/Hex       30%        3d16      1%          4
d - Stone Arrow           Conj/Erth      100%       3d13      1%          3
e - Bolt of Magma         Conj/Fire/Erth 37%        4d16      4%          5
f - Shatter               Erth           26%        3d22*     100%        9
g - Inner Flame           Hex/Fire       65%        N/A       1%          3

Your spell library contained the following spells:

 Spells                   Type           Power      Damage    Failure   Level
 Slow                     Hex            51%        N/A       1%          2
 Confusing Touch          Hex            51%        N/A       1%          3
 Dazzling Flash           Conj/Hex       100%       N/A       1%          3
 Cause Fear               Hex            25%        N/A       2%          4
 Iskenderun's Mystic Bla  Conj/Tloc      50%        2d11      3%          4
 Vampiric Draining        Necr           9%         2d7       9%          3
 Discord                  Hex            25%        N/A       100%        8


Dungeon Overview and Level Annotations

Branches:
Dungeon (10/15)            Temple (1/1) D:4            Lair (3/6) D:10
  Snake (0/4) Lair:2      Ossuary (visited)
  Swamp: Lair:2-4    Shoals: Lair:2-4       Orc: D:9-12

Altars:
Ashenzari
Cheibriados
Dithmenos
Elyvilon
Fedhas
Gozag
Hepliaklqana
Kikubaaqudgha
Makhleb
Nemelex Xobeh
Okawaru
Qazlal
Ru
Sif Muna
Trog
Uskayaw
Vehumet
Wu Jian
Xom
Yredelemnul
Zin
The Shining One

Shops:
D:7 *


Message History

Aim: a swamp worm (64% to hit)
You feel a surge of power!
The bolt of magma misses the swamp worm.
The blink frog barely misses you. x2; The swamp worm bites you.
* * * LOW HITPOINT WARNING * * *
You feel better. The blink frog closely misses you. The swamp worm bites you!
* * * LOW HITPOINT WARNING * * *
Aiming: Bolt of Magma (dangerous; 4% risk of failure)
Press: ? - help, Q - select action, (/) - cycle Shift-Dir - straight line, f/p - swamp worm
Aim: a swamp worm (64% to hit)
You feel a surge of power!
The bolt of magma hits the swamp worm!!
The swamp worm is almost dead.
The blink frog barely misses you. The swamp worm barely misses you.
The blink frog barely misses you.
Aiming: Bolt of Magma (dangerous; 4% risk of failure)
Press: ? - help, Q - select action, (/) - cycle Shift-Dir - straight line, f/p - swamp worm
Aim: a swamp worm (almost dead, 64% to hit)
You feel a surge of power!
The bolt of magma hits the swamp worm!!
You kill the swamp worm!
Sif Muna accepts your kill.
The blink frog hits you but does no damage.
You see here 2 arrows.
The blink frog misses you.
Found an escape hatch in the floor.
The blink frog closely misses you.
You are too injured to fight recklessly!
Fire: 305 arrows
Press: ? - help, Q - select action, (/) - cycle Shift-Dir - straight line, f - blink frog
Aim: a blink frog (52% to hit)
You shoot an arrow.
The arrow closely misses the blink frog.
The blink frog barely misses you.
Fire: 304 arrows
Press: ? - help, Q - select action, (/) - cycle Shift-Dir - straight line, f/p - blink frog
Aim: a blink frog (52% to hit)
You shoot an arrow. The arrow hits the blink frog!
The arrow burns the blink frog.
The blink frog is moderately wounded.
The blink frog hits you!
You die...

......#..#
##..........≈≈≈###
....##.###
##.(........≈≈##
.#######
#..<>.......≈≈# ##
##....(......≈≈# #
#......(.....≈≈≈ #
#....((.......≈≈≈
##...............
#.....†F.........
.......@$........
...............
#..............
.#............. .#
. #........^....
..<.# ....
##............
...... .....
#.......>...#
...... ........#
###.......P##
#..... ........##
#.....


You could see a blink frog.

Vanquished Creatures
  Snorg (D:10)
  2 hydras
  Harold (D:7)
  A two-headed ogre (D:10)
  Erica (D:8)
  A centaur warrior (D:10)
  2 lindwurms (Lair:1)
  2 elephants (Lair:1)
  2 black mambas
  8 cane toads
  A kobold demonologist (D:9)
  2 rime drakes (Lair:1)
  2 komodo dragons
  2 polar bears
  A troll (D:10)
  A tyrant leech (Lair:3)
  Prince Ribbit (D:7)
  12 blink frogs
  2 wraiths
  10 yaks
  2 basilisks
  3 steam dragons
  Menkaure (D:7)
  2 nagas (Lair:2)
  3 swamp worms (Lair:3)
  An acid dragon (D:9)
  7 water moccasins
  An ice beast (D:6)
  4 orc warriors
  3 sky beasts (D:9)
  3 black bears
  2 ogres
  9 centaurs
  A phantom (D:5)
  6 kobold brigands
  2 bullfrogs
  2 scorpions (D:10)
  A wyvern zombie (D:7)
  8 killer bees
  7 wights
  A bullfrog zombie (D:5)
  An electric eel (Lair:1)
  A centaur zombie (D:9)
  4 howler monkeys (D:7)
  4 orc priests
  3 centaur skeletons
  4 hounds
  A bullfrog skeleton (D:7)
  A gnoll shaman (D:7)
  2 iguanas
  5 orc wizards
  5 hell rats (Lair:3)
  A killer bee zombie (D:5)
  3 mummies (Ossuary)
  A hound skeleton (D:3)
  12 gnolls
  A howler monkey zombie (D:9)
  2 adders
  A shadow imp (D:5)
  An ufetubus (D:5)
  3 worms
  2 dart slugs
  33 orcs
  4 ball pythons
  2 bats (D:3)
  4 endoplasms
  3 giant cockroaches
  A gnoll zombie (Ossuary)
  8 hobgoblins
  3 jackals (D:4)
  7 quokkas
  6 frilled lizards
  12 goblins
  3 goblin zombies (Ossuary)
  2 hobgoblin zombies (Ossuary)
  30 kobolds
  4 kobold zombies (Ossuary)
  4 rats
308 creatures vanquished.

Vanquished Creatures (others)
  3 bushes (Lair:3)
  4 fulminant prisms
  18 fungi
  26 plants
  9 toadstools (Lair:1)
60 creatures vanquished.

Grand Total: 368 creatures vanquished

Notes
Turn   | Place    | Note
-------+----------+-------------------------------------------
     0 | D:1      | horus123 the Deep Elf Conjurer began the quest for the Orb.
     0 | D:1      | Reached XP level 1. HP: 10/10 MP: 6/6
   263 | D:1      | Reached XP level 2. HP: 15/15 MP: 4/8
   266 | D:1      | Learned a level 2 spell: Searing Ray
   519 | D:1      | Reached skill level 1 in Hexes
   633 | D:1      | Reached skill level 5 in Conjurations
  1334 | D:2      | Found a faded altar of an unknown god.
  1344 | D:2      | Reached XP level 3. HP: 19/19 MP: 7/9
  1715 | D:2      | Found an ornate altar of the Wu Jian Council.
  1746 | D:2      | You are sucked into a shaft and drop 1 floor!
  2160 | D:3      | Found a glowing silver altar of Zin.
  2409 | D:3      | Reached XP level 4. HP: 24/24 MP: 6/11
  2727 | D:3      | Learned a level 4 spell: Fulminant Prism
  2958 | D:4      | Identified the +0 plate armour of Xoedal {Int+2 SInv}
  3373 | D:4      | Reached XP level 5. HP: 28/28 MP: 8/13
  3523 | D:4      | Learned a level 4 spell: Iskenderun's Mystic Blast
  3578 | D:4      | Noticed an ogre
  3585 | D:4      | Killed an ogre
  3586 | D:4      | Reached skill level 5 in Spellcasting
  3586 | D:4      | Reached XP level 6. HP: 32/32 MP: 15/15
  3653 | D:4      | Found a staircase to the Ecumenical Temple.
  3662 | Temple   | Entered the Ecumenical Temple
  3903 | Temple   | Became a worshipper of Sif Muna the Loreminder
  4080 | D:4      | Found an ancient bone altar of Kikubaaqudgha.
  4116 | D:5      | Entered Level 5 of the Dungeon
  4323 | D:5      | Reached skill level 1 in Invocations
  4553 | D:5      | Reached XP level 7. HP: 35/36 MP: 17/17
  5134 | D:5      | Reached * piety under Sif Muna
  5570 | D:6      | Found a large runed translucent door.
  5571 | D:6      | Found a large runed translucent door.
  5710 | D:6      | Found a sand-covered staircase.
  5715 | Ossuary  | Entered an ossuary
  5715 | Ossuary  | Noticed a wraith
  5715 | Ossuary  | Noticed a wraith
  5715 | Ossuary  | Noticed a wraith
  6002 | Ossuary  | Noticed a wraith
  6007 | Ossuary  | Killed a wraith
  6767 | D:6      | Reached XP level 8. HP: 41/41 MP: 19/20
  6818 | D:6      | Found a hide-covered altar of Uskayaw.
  6821 | D:6      | Found an iron altar of Okawaru.
  6910 | D:7      | Found a snail-covered altar of Cheibriados.
  6910 | D:7      | Found a hazy altar of Hepliaklqana.
  6911 | D:7      | Found a broken altar of Ashenzari.
  6912 | D:7      | Found a radiant altar of Vehumet.
  6940 | D:7      | Noticed Harold
  6949 | D:7      | Killed Harold
  6949 | D:7      | Reached ** piety under Sif Muna
  6950 | D:7      | Reached skill level 5 in Hexes
  7046 | D:7      | Found Xiozeul's General Store.
  7050 | D:7      | Noticed Prince Ribbit
  7063 | D:7      | Killed Prince Ribbit
  7064 | D:7      | Reached XP level 9. HP: 24/46 MP: 23/23
  7339 | D:7      | Reached skill level 5 in Invocations
  7356 | D:7      | Reached skill level 1 in Fighting
  7580 | D:7      | Noticed Menkaure
  7586 | D:7      | Killed Menkaure
  8376 | D:7      | Reached skill level 5 in Bows
  8376 | D:7      | Reached skill level 10 in Spellcasting
  8388 | D:7      | Reached skill level 5 in Dodging
  8388 | D:7      | Reached XP level 10. HP: 38/52 MP: 17/26
  8541 | D:7      | Found a burning altar of Makhleb.
  8932 | D:8      | Noticed Erica
  8938 | D:8      | Killed Erica
  9483 | D:8      | Reached *** piety under Sif Muna
  9679 | D:8      | Identified a scroll of acquirement
  9680 | D:8      | Acquired a +2 longbow of flaming
 10044 | D:8      | Found a glowing golden altar of the Shining One.
 10060 | D:8      | Learned a level 3 spell: Stone Arrow
 10665 | D:9      | Reached skill level 1 in Earth Magic
 11318 | D:9      | Reached skill level 10 in Conjurations
 11382 | D:9      | Learned a level 5 spell: Bolt of Magma
 11392 | D:9      | Learned a level 9 spell: Shatter
 11542 | D:9      | Learned a level 3 spell: Inner Flame
 11707 | D:10     | Entered Level 10 of the Dungeon
 11752 | D:10     | Noticed a two-headed ogre
 11760 | D:10     | Killed a two-headed ogre
 11761 | D:10     | Reached skill level 5 in Stealth
 11761 | D:10     | Reached XP level 11. HP: 15/59 MP: 28/28
 12396 | D:10     | Noticed a centaur warrior
 12403 | D:10     | Killed a centaur warrior
 12403 | D:10     | Reached **** piety under Sif Muna
 12598 | D:10     | Noticed Snorg
 12606 | D:10     | Killed Snorg
 12928 | D:10     | Found a staircase to the Lair.
 12958 | Lair:1   | Entered Level 1 of the Lair of Beasts
 13410 | Lair:1   | Reached skill level 1 in Fire Magic
 13447 | Lair:1   | Noticed an eight-headed hydra
 13481 | Lair:1   | Killed an eight-headed hydra
 13760 | Lair:1   | Reached skill level 5 in Earth Magic
 13878 | Lair:1   | Noticed a lindwurm
 13878 | Lair:1   | Noticed a lindwurm
 13899 | Lair:1   | Found a runed translucent door.
 14569 | Lair:1   | Killed a lindwurm
 14572 | Lair:1   | Killed a lindwurm
 14573 | Lair:1   | Reached skill level 10 in Bows
 15099 | Lair:2   | Reached XP level 12. HP: 47/65 MP: 10/30
 15710 | Lair:2   | Found a staircase to the Snake Pit.
 16094 | Lair:2   | Noticed a seven-headed hydra
 16533 | Lair:2   | Killed a seven-headed hydra
 17957 | Lair:3   | Slain by a blink frog

Illustrated notes

Levels and vault maps discovered:
D:1:      lemuel_arrival_muddy, layout_basic, grunt_decor_arrowhead
D:2:      layout_loops_ring, basic_altar, basic_ecumenical_altar
D:3:      layout_rooms, lemuel_crystal_altar
D:4:      layout_loops_ring, nicolae_overflow_hidden_temple, temple_statues
D:5:      corexii_shantytown, layout_loops_ring
D:6:      layout_basic, jmf_multi_god_temple2,
          nicolae_ossuary_entry_false_entrances
D:7:      layout_cave_pools, chequers_temple_overflow_statue_of_worship,
          lightli_temple_of_fire, serial_shops, shop_coins,
          minmay_fractal_squares_diagonal_5, uniq_harold, uniq_menkaure,
          uniq_prince_ribbit1
D:8:      layout_rooms, nicolae_tso_carved_into_rock, serial_glass,
          glass_columns_a, glass_columns_b, glass_columns_c, glass_columns_a,
          uniq_erica
D:9:      layout_basic, hangedman_misty_isle
D:10:     layout_cave_pools, grunt_lair_entry_orc_guard_hut, uniq_snorg
Temple:   minmay_temple_bridge_abc
Lair:1:   gammafunk_lair_enchanted_lake, layout_small_grid,
          lightli_volcano_entry_magma_tube, infiniplex_staircase_pool_2,
          lemuel_fruit_fields
Lair:2:   layout_big_grid, guppyfry_snake_entry_garden, grunt_megastairs_3
Lair:3:   layout_cave_pods, worms_lemuel, serial_bayou_shore_b

Skill      XL: |  1  2  3  4  5  6  7  8  9 10 11 12 |
---------------+-------------------------------------+-----
Hexes          | 1 2 3 4 5 |  5.9
Conjurations   | 5 6 7 8 9 10 11 | 11.0
Spellcasting   | 4 5 7 8 10 11 12 | 12.5
Stealth        | 3 4 5 |  5.1
Invocations    | 1 2 4 6 7 |  7.0
Dodging        | 3 5 6 7 |  7.0
Bows           | 2 5 7 10 12 | 12.4
Fighting       | 1 2 3 4 |  4.0
Earth Magic    | 3 5 6 |  6.2
Fire Magic     | 3 4 |  4.7

Action                   |  1- 3 |  4- 6 |  7- 9 | 10-12 || total
-------------------------+-------+-------+-------+-------++-------
Melee: Short sword       |       |       |     1 |       ||     1
 Fire: Shortbow          |       |       |    15 |    13 ||    28
       Longbow           |       |       |       |   262 ||   262
 Cast: Magic Dart        |    77 |    48 |   177 |     7 ||   309
       Searing Ray       |     2 |    12 |    46 |    53 ||   113
       Fulminant Prism   |       |       |     1 |     3 ||     4
       Stone Arrow       |       |       |       |    58 ||    58
       Bolt of Magma     |       |       |       |    47 ||    47
       Inner Flame       |       |       |       |     1 ||     1
Invok: Channel Magic     |       |       |       |     1 ||     1
  Use: Scroll            |     2 |     5 |    18 |    17 ||    42
       Potion            |       |       |     6 |     6 ||    12
Armor: Robe              |     2 |       |    25 |    43 ||    70
Dodge: Dodged            |     5 |     8 |    86 |   160 ||   259
